 Dungeon Crawl Stone Soup version 0.19-a0-628-g9200b3b (webtiles) character file.

35 mistymad the Ruffian (level 3, 0/32 HPs)
             Began as a Naga Transmuter on June 14, 2016.
             Slain by a gnoll (3 damage)
             ... on level 2 of the Dungeon.
             The game lasted 00:05:27 (1599 turns).

mistymad the Ruffian (Naga Transmuter)              Turns: 1599, Time: 00:05:28

Health: 0/32       AC:  4    Str: 12    XL:     3   Next: 33%
Magic:  1/6        EV: 10    Int: 14    God:
Gold:   84         SH:  0    Dex: 11    Spells: 2 memorised, 3 levels left

rFire  . . .     SeeInvis +     j - +0 dagger
rCold  . . .     Gourm    .     b - +0 robe
rNeg   . . .     Faith    .     (no shield)
rPois  +         Spirit   .     (no helmet)
rElec  .         Dismiss  .     (no cloak)
rCorr  .         Reflect  .     p - +1 pair of gloves
SustAt .         Harm     .     (no barding)
MR     .....                    (no amulet)
Stlth  +.........               (no ring)
                                (no ring)

@: very slightly contaminated, very slow, not resistant to hostile enchantments,
very unstealthy
A: see invisible, deformed body, poison resistance, slowness 2, slow metabolism
1, spit poison 2, AC +1
a: Spit Poison


You were on level 2 of the Dungeon.
You were hungry.

You visited 1 branch of the dungeon, and saw 2 of its levels.

You collected 84 gold pieces.

Inventory:

Hand Weapons
 j - a +0 dagger (weapon)
Missiles
 a - 8 arrows
Armour
 b - a +0 robe (worn)
 p - a +1 pair of gloves (worn)
Jewellery
 m - an uncursed ring of protection from magic {unknown}
Scrolls
 f - a scroll of remove curse
 n - a scroll of amnesia {unknown}
 r - a scroll of enchant armour {unknown}
Potions
 h - a potion of brilliance {unknown}
 k - 2 potions of heal wounds {unknown}
 l - a potion of curing {unknown}
 q - a potion of berserk rage {unknown}
 s - a potion of agility {unknown}
Books
 c - a book of Changes

   Spells                             Type                      Level
   a - Beastly Appendage              Transmutation                1
   b - Sticks to Snakes               Transmutation                2
   c - Spider Form                    Transmutation/Poison         3
   d - Ice Form                       Ice/Transmutation            4
   e - Blade Hands                    Transmutation                5
Comestibles
 d - a bread ration
 g - 2 beef jerkies
 o - a chunk of flesh


   Skills:
 + Level 1.7 Fighting
 + Level 1.9 Dodging
 + Level 3.2 Unarmed Combat
 + Level 2.3 Spellcasting
 + Level 2.3 Transmutations


You had 3 spell levels left.
You knew the following spells:

 Your Spells              Type           Power        Failure   Level  Hunger
a - Beastly Appendage     Tmut           #.....       12%         1    #......
b - Sticks to Snakes      Tmut           #.......     17%         2    ###....


Dungeon Overview and Level Annotations

Branches:
Dungeon (2/15)

Altars:
Okawaru


Innate Abilities, Weirdness & Mutations

You cannot wear boots.
Your serpentine skin is tough. (AC +1)
You have supernaturally acute eyesight. (SInv)
Armour fits poorly on your strangely shaped body.
Your system is resistant to poisons. (rPois)
You cover ground very slowly.
You have a slow metabolism.
You can spit poison.


Message History

The gnoll hits you.
* * * LOW HITPOINT WARNING * * *
You swap places.
Your ball python barely misses the gnoll.
Your ball python grabs the gnoll.
Your ball python constricts the gnoll.
The gnoll hits your ball python.
Your ball python dies!
The gnoll hits you.
* * * LOW HITPOINT WARNING * * *
You take 6 damage, and have 2/32 hp.
Blink to where?
Press: ? - help, Dir - move target cursor, p - gnoll
As you read the scroll labeled XUOTOEM YSANKU, it crumbles to dust.
It was a scroll of blinking.
As you read the scroll labeled YLYRGH ARAGGEXYBOX, it crumbles to dust.
You feel blessed for a moment.
It was a scroll of remove curse.
As you read the scroll labeled WYDENA SOEHULU, it crumbles to dust.
Your +0 dagger glows shining beige for a moment.
It was a scroll of random uselessness.
The gnoll hits you.
You die...

##################
.....K.g..g.ggSg.#
..##############@#
#(# ## # #.# #(#
.#.#.## #.#
#g###S≈≈≈≈≈# #.#
.(#.ggg...._ #.#
..((#≈≈≈≈≈≈# #.#
######.#.#(# #.#
## #### #.#
###########.# #.#


You could see 3 gnolls, an adder and a hobgoblin.

Vanquished Creatures
  An ooze (D:1)
  3 goblins (D:1)
  4 hobgoblins
  2 jackals (D:1)
  3 bats (D:1)
  4 kobolds
  9 rats
26 creatures vanquished.

Vanquished Creatures (collateral kills)
  A worm (D:2)
1 creature vanquished.

Grand Total: 27 creatures vanquished

Notes
Turn   | Place    | Note
--------------------------------------------------------------
     0 | D:1      | mistymad the Naga Transmuter began the quest for the Orb.
     0 | D:1      | Reached XP level 1. HP: 18/18 MP: 3/3
   155 | D:1      | Reached XP level 2. HP: 18/25 MP: 3/5
   828 | D:1      | Learned a level 2 spell: Sticks to Snakes
  1029 | D:1      | Reached XP level 3. HP: 24/31 MP: 2/6
  1571 | D:2      | Found an iron altar of Okawaru.
  1599 | D:2      | Slain by a gnoll

Vault maps used:
D:1:      dpeg_arrival_oval
D:2:      okawaru_altar_gauntlet_db

Action                   || total
-------------------------++-------
Melee: Unarmed           ||    21
       Dagger            ||    59
       Headbutt          ||     5
 Cast: Beastly Appendage ||    10
       Sticks to Snakes  ||     4
 Abil: Spit Poison       ||    16
  Use: Scroll            ||     3
  Eat: Chunk             ||     2
Armor: Robe              ||    20
Dodge: Dodged            ||    61
